 Dungeon Crawl Stone Soup version 0.19.3-4-gbf9329e (webtiles) character file.

44 muxecoid the Skirmisher (level 3, -1/33 HPs)
             Began as a Formicid Wanderer on Jan 27, 2017.
             Slain by a jackal (2 damage)
             ... on level 4 of the Dungeon.
             The game lasted 00:04:37 (1487 turns).

muxecoid the Skirmisher (Formicid Wanderer)         Turns: 1487, Time: 00:04:38

Health: -1/33      AC:  2    Str: 16    XL:     3   Next: 87%
Magic:  4/4        EV: 11    Int: 10    God:
Gold:   51         SH:  0    Dex: 12    Spells: 1 memorised, 3 levels left

rFire  . . .     SeeInvis +     a - +2 spear
rCold  . . .     Gourm    .     e - +0 robe
rNeg   . . .     Faith    .     (no shield)
rPois  .         Spirit   .     (helmet unavailable)
rElec  .         Reflect  .     (no cloak)
rCorr  .         Harm     .     (no gloves)
MR     .....                    (no boots)
Stlth  ++........               (no amulet)
                                (no ring)
                                (no ring)

@: no status effects
A: permanent stasis, dig shafts and tunnels, four strong arms, antennae 3
a: Dig, Shaft Self


You were on level 4 of the Dungeon.
You were not hungry.

You visited 1 branch of the dungeon, and saw 4 of its levels.

You collected 51 gold pieces.

Inventory:

Hand Weapons
 a - a +2 spear (weapon)
 d - a +0 blowgun
Missiles
 c - 10 poisoned needles
Armour
 e - a +0 robe (worn)
Scrolls
 g - a scroll of identify {unknown}
Potions
 i - a potion of magic {unknown}
 k - a potion of ambrosia {unknown}
Books
 b - the Incunabulum of the Jolly Lies

   Spells                             Type                      Level
   a - Sandblast                      Earth                        1
   b - Stone Arrow                    Conjuration/Earth            3
Comestibles
 f - a bread ration
 h - 2 meat rations


   Skills:
 + Level 5.3 Fighting
 + Level 1.4 Polearms
 + Level 1.0 Throwing
 + Level 0.1 Dodging
 + Level 1.6 Stealth
   Level 1.2 Shields
 - Level 1.1 Spellcasting
   Level 2.4 Hexes


You had 3 spell levels left.
You knew the following spells:

 Your Spells              Type           Power        Failure   Level  Hunger
a - Sandblast             Erth           #.....       38%         1    ##.....


Dungeon Overview and Level Annotations

Branches:
Dungeon (3/15)

Altars:


Innate Abilities, Weirdness & Mutations

You are under a permanent stasis effect.
You can dig through walls and to a lower floor.
Your four strong arms can wield two-handed weapons with a shield.
You have a pair of large antennae on your head. (SInv)


Message History

* * * LOW HITPOINT WARNING * * *
The jackal barely misses you.
The jackal bites you but does no damage.
You continue eating.
The jackal closely misses you. The jackal bites you.
* * * LOW HITPOINT WARNING * * *
You continue eating.
The jackal barely misses you. The jackal bites you.
* * * LOW HITPOINT WARNING * * *
The jackal misses you.
You finish eating.
That bread ration really hit the spot!
You hit the jackal but do no damage. The jackal completely misses you.
The jackal bites you but does no damage.
The jackal misses you.
You barely miss the jackal. The jackal closely misses you.
The jackal bites you but does no damage.
The jackal closely misses you.
Are you sure you want to shaft yourself?
You feel quite a bit more hungry. The jackal bites you.
You die...

#######
#...h@#
#...h†#
#.....#
#.....#
#.....#
#.....+
#.....#
#.....#
#.....#


You could see 2 jackals.

Vanquished Creatures
  An adder (D:3)
  A gnoll (D:2)
  A worm (D:2)
  2 leopard geckos
  A giant cockroach (D:3)
  2 goblins (D:2)
  3 hobgoblins (D:1)
  2 jackals (D:4)
  4 bats
  A kobold (D:2)
  3 rats (D:2)
21 creatures vanquished.

Notes
Turn   | Place    | Note
-------+----------+-------------------------------------------
     0 | D:1      | muxecoid the Formicid Wanderer began the quest for the Orb.
     0 | D:1      | muxecoid set off with: a +2 spear, the Incunabulum of the Jolly Lies, 10 poisoned needles, a +0 blowgun, a +0 robe, a bread ration
     0 | D:1      | Reached XP level 1. HP: 20/20 MP: 2/2
     0 | D:1      | Identified the Incunabulum of the Jolly Lies
     2 | D:1      | Learned a level 1 spell: Sandblast
   285 | D:1      | Reached XP level 2. HP: 17/26 MP: 3/3
   468 | D:2      | Reached skill level 5 in Fighting
   529 | D:3      | Reached XP level 3. HP: 21/33 MP: 4/4
   686 | D:3      | Reached skill level 1 in Stealth
   721 | D:3      | Noticed an orc warrior
  1231 | D:2      | You fall through a shaft for 2 floors!
  1484 | D:4      | HP: 1/33 [jackal (1)]
  1487 | D:4      | Slain by a jackal

Skill      XL: |  1  2  3 |
---------------+----------+-----
Fighting       | 5 |  5.3
Stealth        | 1 |  1.6
Polearms       | |  1.4
Throwing       | |  1.0
Dodging        | |  0.1
Shields        | |  1.2
Spellcasting   | |  1.1
Hexes          | |  2.4

Action                   || total
-------------------------++-------
Melee: Spear             ||    92
Throw: Throwing net      ||     1
 Abil: Shaft Self        ||     2
 Stab: Sleeping          ||     4
  Eat: Bread ration      ||     1
Armor: Robe              ||    28
Dodge: Dodged            ||    93
